 Dungeon Crawl Stone Soup version 0.21.1-1-g345015fe64 (webtiles) character file.

175 Peloso the Shield-Bearer (level 5, -2/46 HPs)
             Began as a Minotaur Fighter on May 3, 2018.
             Killed from afar by Ivernyr's ghost (8 damage)
             ... with a magic dart
             ... on level 3 of the Dungeon.
             The game lasted 00:05:52 (1883 turns).

Peloso the Shield-Bearer (Minotaur Fighter)         Turns: 1883, Time: 00:05:52

Health: -2/46      AC: 12    Str: 21    XL:     5   Next: 29%
Magic:  4/4        EV:  9    Int:  5    God:
Gold:   151        SH: 11    Dex: 10    Spells: 4/4 levels left

rFire    . . .     SeeInvis .   a - +0 long sword
rCold    . . .     Gourm    .   c - +1 shield
rNeg     . . .     Faith    .   b - +0 scale mail
rPois    .         Spirit   .   (helmet restricted)
rElec    .         Reflect  .   i - +0 cloak
rCorr    +         Harm     .   (no gloves)
MR       .....                  (no boots)
Stlth    ..........             (no amulet)
HPRegen  0.15/turn              s - ring of resist corrosion
MPRegen  0.09/turn              j - +4 ring of protection

@: no status effects
A: retaliatory headbutt, horns 2, sturdy frame 1
a: no special abilities


You were on level 3 of the Dungeon.
You were not hungry.

You visited 1 branch of the dungeon, and saw 3 of its levels.

You collected 151 gold pieces.

Inventory:

Hand Weapons
 a - a +0 long sword (weapon)
 v - a +0 mace of draining
Armour
 b - a +0 scale mail (worn)
 c - a +1 shield (worn)
 i - a +0 cloak (worn)
Jewellery
 j - a +4 ring of protection (right hand)
 k - a +1 ring of evasion
 q - an uncursed ring of ice
 s - a ring of resist corrosion (left hand)
Scrolls
 h - a scroll of teleportation
 n - a scroll of immolation {unknown}
 o - a scroll of enchant weapon {unknown}
 r - a scroll of enchant armour
 t - 2 scrolls of identify
Potions
 d - a potion of might
 e - a potion of flight
 m - a potion of magic
 p - a potion of degeneration {unknown}
Comestibles
 f - 2 rations
 u - a chunk of flesh


   Skills:
 + Level 4.2 Fighting
 + Level 3.3 Long Blades
 + Level 4.8 Armour
 + Level 1.5 Dodging
 + Level 5.3 Shields


You had 4 spell levels left.
You didn't know any spells.

Dungeon Overview and Level Annotations

Branches:
Dungeon (3/15)

Altars:
Makhleb
Vehumet

Annotations:
D:3 Ivernyr's ghost, amateur DrWz


Innate Abilities, Weirdness & Mutations

You reflexively headbutt those who attack you in melee.
You have a pair of horns on your head.
Your movements are slightly less encumbered by armour. (ER -2)


Message History

Ivernyr's ghost appears unharmed.
It was a potion of mutation.
You feel extremely strange.
Your regeneration stops near monsters.
You begin to regenerate regardless of the presence of monsters.
You feel less encumbered by your armour.
Ivernyr's ghost hits you.
* * * LOW HITPOINT WARNING * * *
x2 It was a potion of cancellation.
Your magical effects are unravelling.
You feel magically purged.
You feel less confused.
You feel a little less mighty now. Ivernyr's ghost hits you.
* * * LOW HITPOINT WARNING * * *
x2 A goblin comes into view.
You closely miss Ivernyr's ghost. Your headbutt misses Ivernyr's ghost.
Ivernyr's ghost is lightly damaged.
The goblin moves out of view.
Ivernyr's ghost gestures at you while chanting.
The magic dart hits you!
You die...

.......)..#.....#
................##.# ..
.##)...............##. .
............. ..........
......###...............
.....†....#.#.##...#....
#####.##..#..........#
#####..#..#.#...§..#
......÷.......##@§.###.#
...#†..####.....W.......
...<)............##...<.
#.#.##...........## ###.
#.................###.##
#.####.....>.....###...##
..#.............[##..#†.#
....###..........#..###.##
#####
#.............##...##


You could see Ivernyr's ghost.

Vanquished Creatures
  A hound (D:3)
  2 orc wizards
  An adder (D:2)
  3 oozes
  3 leopard geckos
  4 orcs
  9 bats
  2 giant cockroaches (D:2)
  8 goblins
  6 hobgoblins
  5 jackals
  A quokka (D:2)
  3 frilled lizards
  7 kobolds
  3 rats
58 creatures vanquished.

Vanquished Creatures (others)
  A giant cockroach (D:3)
1 creature vanquished.

Grand Total: 59 creatures vanquished

Notes
Turn   | Place    | Note
-------+----------+-------------------------------------------
     0 | D:1      | Peloso the Minotaur Fighter began the quest for the Orb.
     0 | D:1      | Reached XP level 1. HP: 19/19 MP: 0/0
   242 | D:1      | Reached XP level 2. HP: 27/27 MP: 1/1
   508 | D:1      | Reached skill level 4 in Shields
   516 | D:1      | You fall through a shaft!
   579 | D:2      | Reached XP level 3. HP: 32/33 MP: 2/2
   726 | D:2      | Found a radiant altar of Vehumet.
  1626 | D:2      | Reached XP level 4. HP: 36/40 MP: 3/3
  1634 | D:2      | Reached skill level 1 in Dodging
  1767 | D:3      | Reached skill level 5 in Shields
  1767 | D:3      | Reached XP level 5. HP: 46/46 MP: 4/4
  1851 | D:3      | Found a burning altar of Makhleb.
  1869 | D:3      | Noticed Ivernyr's ghost (amateur DrWz)
  1881 | D:3      | Gained mutation: You do not regenerate when monsters are visible. [potion of mutation]
  1881 | D:3      | Lost mutation: You do not regenerate when monsters are visible. [potion of mutation]
  1881 | D:3      | Gained mutation: Your movements are slightly less encumbered by armour. (ER -2) [potion of mutation]
  1883 | D:3      | Killed from afar by Ivernyr's ghost

Skill      XL: |  1  2  3  4 |
---------------+-------------+-----
Fighting       | 4 |  4.2
Armour         | 4 |  4.8
Shields        | 4 5 |  5.3
Long Blades    | 3 |  3.3
Dodging        | 1 |  1.5

Action                   |  1- 3 |  4- 6 || total
-------------------------+-------+-------++-------
Melee: Long sword        |   161 |    35 ||   196
       Headbutt          |    17 |     5 ||    22
  Use: Scroll            |     4 |       ||     4
       Potion            |       |     4 ||     4
  Eat: Chunk             |     2 |     2 ||     4
Armor: Scale mail        |    92 |    24 ||   116
Dodge: Dodged            |    72 |     9 ||    81
Block: Shield            |   121 |    20 ||   141
       Rpst.: Long sword |    18 |     1 ||    19
